 Dungeon Crawl Stone Soup version 0.32-a0-685-g93135e86f0 (webtiles) character file.

Game seed: 2718856519020293730

28 Djon the Sneak (level 2, -2/26 HPs)
             Began as a Demigod Delver on Mar 13, 2024.
             Slain by an orc
             ... wielding a +2 flail of holy wrath
              (6 damage)
             ... on level 6 of the Dungeon.
             The game lasted 00:00:52 (57 turns).

Djon the Sneak (Demigod Delver)                       Turns: 57, Time: 00:00:53

Health: -2/26      AC:  3    Str: 13    XL:     2   Next: 78%
Magic:  4/4        EV: 11    Int: 12    God:
Gold:   0          SH:  0    Dex: 15    Spells: 1/1 levels left

rFire   . . .        a - +0 falchion
rCold   . . .        (no shield)
rNeg    . . .        b - +0 leather armour
rPois   .            (no helmet)
rElec   .            (no cloak)
rCorr   .            (no gloves)
SInv    .            (no boots)
Will    .....        (no amulet)
Stlth   +++          (no ring)
HPRegen 0.24/turn    (no ring)
MPRegen 0.09/turn

%: no passive effects
@: no status effects
A: high MP 1, forlorn, divine attributes
a: no special abilities


You were on level 6 of the Dungeon.
You visited 1 branch of the dungeon, and saw 2 of its levels.

Inventory:

Hand Weapons
 a - a +0 falchion (weapon)
Armour
 b - a +0 leather armour (worn)
Wands
 g - a wand of digging (3)
Scrolls
 c - a scroll of fog
 d - a scroll of revelation
 e - a scroll of fear
Potions
 f - a potion of haste
 h - a potion of degeneration {unknown}


   Skills:
 + Level 3.3 Fighting
 + Level 2.5 Long Blades
 - Level 1.7 Dodging
 - Level 4.5 Stealth


You had one spell level left.
You didn't know any spells.
Your spell library was empty.

Dungeon Overview and Level Annotations

Branches:
Dungeon (6/15)
 Temple: D:4-7


Innate Abilities, Weirdness & Mutations

You have an increased reservoir of magic. (+10% MP)
You shall have no god before yourself.
Your divine heritage dramatically boosts your attributes as you level up.


Message History

You barely miss the orc wizard.
The orc wizard is lightly wounded.
The orc wizard hits you with a +0 dagger.
You hit the orc wizard.
The orc wizard is heavily wounded.
An orc comes into view.
It is wielding a +2 flail of holy wrath.
The orc closely misses you.
The orc wizard hits you but does no damage.
The orc attacks as it pursues you! The orc closely misses you.
The orc wizard points at you and mumbles some strange words.
You resist with significant effort.
There is a stone staircase leading up, spattered with blood here.
You hit the orc.
You kill the orc!
You slash the orc wizard!
The orc wizard is almost dead.
The orc wizard barely misses you.
The orc wizard hits you but does no damage.
You hit the orc wizard.
You kill the orc wizard!
Your Fighting skill increases to level 3!
Your Long Blades skill increases to level 2!
You have reached level 2!
You hit the orc.
The orc is severely wounded.
The orc hits you with a +0 club.
You hit the orc.
The orc is almost dead.
The orc barely misses you.
You hit the orc.
You kill the orc!
The orc wizard gestures wildly while chanting.
The orc wizard flickers and vanishes!
Deactivating autopickup; reactivate with Ctrl-A.
You hit the orc.
The orc is heavily wounded.
The orc hits you with a +2 flail of holy wrath!
* * * LOW HITPOINT WARNING * * *
The orc hits you with a +2 flail of holy wrath.
You die...

###########
#......@o{#
#.#######.#
#.# #o# ..#
o## #. #.
#.


You could see an orc.

Vanquished Creatures
  An orc wizard (D:6)
  2 orcs (D:6)
3 creatures vanquished.

Notes
Turn   | Place    | Note
-------+----------+-------------------------------------------
     0 | D:5      | Djon the Demigod Delver began the quest for the Orb.
     0 | D:5      | Reached XP level 1. HP: 18/18 MP: 3/3
    17 | D:5      | Noticed an ogre
    26 | D:5      | Noticed a gnoll bouda
    39 | D:6      | Noticed an orc wizard
    40 | D:6      | Noticed an orc wizard
    53 | D:6      | Killed an orc wizard
    54 | D:6      | Reached XP level 2. HP: 12/26 MP: 4/4
    57 | D:6      | Slain by an orc

Illustrated notes

Levels and vault maps discovered:
D:5:      layout_rooms, lemuel_crystal_altar, mainiacjoe_overflow_alcove_2,
          lemuel_crystal_altar, uniq_ijyb
D:6:      minmay_evil_eye, layout_loops_ring

Skill      XL: |  1 |
---------------+----+-----
Fighting       | 3 |  3.3
Long Blades    | 2 |  2.5
Dodging        | |  1.7
Stealth        | |  4.5

Action                     || total
---------------------------++-------
  Melee: Falchion          ||    15
 Armour: Leather armour    ||    10
  Dodge: Dodged            ||     5

Table legend: (Time is in decaauts)
 A = Elapsed time spent in this place.
 B = Non-inter-level travel time spent in this place.
 C = Inter-level travel time spent in this place.
 D = Time resting spent in this place.
 E = Time spent auto-exploring this place.
 F = Levels seen in this place.
 G = Mean time per level.
                   A        B        C        D        E       F      G
               +--------+--------+--------+--------+--------+-----+--------+
         Total |     59 |     59 |      0 |      0 |      9 |   2 |   29.5 |
       Dungeon |     59 |     59 |      0 |      0 |      9 |   2 |   29.5 |
               +--------+--------+--------+--------+--------+-----+--------+

Top non-repeatable levels by time:
     D:5: 39 daAuts
     D:6: 20 daAuts
